 Dungeon Crawl Stone Soup version 0.22.0 (webtiles) character file.

1062 MTVSty1e the Cleaver (level 8, -1/100 HPs)
             Began as a Minotaur Monk on Aug 10, 2018.
             Was a Priest of Okawaru.
             Slain by Duvessa
             ... wielding a +0 rapier
              (4 damage)
             ... on level 4 of the Dungeon.
             The game lasted 00:05:40 (4072 turns).

MTVSty1e the Cleaver (Minotaur Monk)                Turns: 4072, Time: 00:05:41

Health: -1/100     AC: 24    Str: 15 (18) XL:     8   Next: 6%
Magic:  7/7        EV:  2    Int:  5 (7)  God:    Okawaru [***...]
Gold:   153        SH:  0    Dex: 16 (18) Spells: 7/7 levels left

rFire    . . .     SeeInvis .   a - +0 hand axe
rCold    . . .     Gourm    +   (no shield)
rNeg     + + +     Faith    .   (armour currently unavailable)
rPois    +         Spirit   .   (helmet currently unavailable)
rElec    .         Reflect  .   (cloak currently unavailable)
rCorr    .         Harm     .   (gloves currently unavailable)
MR       +....     NoTele   +   (boots currently unavailable)
Stlth    +++.......             g - amulet of the gourmand
HPRegen  0.26/turn              j - ring of protection from magic
MPRegen  0.10/turn              (no ring)

@: agile, lethally poisoned (-1 -> -1), tree-form
A: (retaliatory headbutt)
a: Heroism, Renounce Religion


You were on level 4 of the Dungeon.
You worshipped Okawaru.
Okawaru was most pleased with you.
You were not hungry.
You were a tree.
You visited 2 branches of the dungeon, and saw 6 of its levels.

You collected 153 gold pieces.

Inventory:

Hand Weapons
 a - a +0 hand axe (weapon)
 f - a cursed +1 morningstar
Armour
 b - a +0 robe
 k - a +0 chain mail (melded)
Jewellery
 g - an amulet of the gourmand (around neck)
 j - a ring of protection from magic (left branch)
Scrolls
 d - 2 scrolls of teleportation {unknown}
 e - 3 scrolls of identify
 l - 2 scrolls of blinking {unknown}
 m - a scroll of remove curse {unknown}
 o - a scroll of magic mapping {unknown}
Potions
 h - a potion of lignification
Comestibles
 c - 4 rations


   Skills:
 + Level 4.8 Fighting
 * Level 10.8 Axes
 + Level 2.9 Armour
 - Level 3.2 Dodging
 - Level 1.5 Stealth


You had 7 spell levels left.
You didn't know any spells.
Your spell library was empty.

Dungeon Overview and Level Annotations

Branches:
Dungeon (5/15)             Temple (1/1) D:4

Altars:
Cheibriados
Fedhas
Okawaru
Uskayaw
Vehumet
Wu Jian
Zin

Annotations:
D:4 Dowan, Duvessa


Innate Abilities, Weirdness & Mutations

((You reflexively headbutt those who attack you in melee.))
((You have a pair of horns on your head.))


Message History

You feel very buoyant.
You fly up into the air.
Dowan hits you but does no damage. Duvessa hits you with a rapier!
* * * LOW HITPOINT WARNING * * *
It was a potion of agility.
You feel agile all of a sudden. Dowan hits you but does no damage.
Duvessa hits you with a rapier.
* * * LOW HITPOINT WARNING * * *
It was a potion of degeneration.
There was something very wrong with that liquid.
You feel weakened.
You feel dopey.
You feel clumsy.
You feel sick. Dowan closely misses you. Duvessa hits you with a rapier.
* * * LOW HITPOINT WARNING * * *
You hit Duvessa but do no damage. Your headbutt misses Duvessa.
Duvessa is lightly wounded.
You barely miss Dowan. Dowan hits you but does no damage.
You turn into a tree.
Your +0 chain mail melds into your body.
Your roots penetrate the ground.
Duvessa hits you with a rapier.
You die...

..# #.......# ..#
#.......########### ..#
######.......).......... ..#
#............########### ..#
#............# ..#
#............######### ..#
######..<............#
..##############.##...........#
...............e♣##...........#
.........#######e##.....).....#
.........#######..#####.#######
..............###'#####.#########
..............#.....#............
..............#.⌠.⌠.#.#.#########
###...........'..>..'.#.#
#...........#.⌠.⌠.###.#
###.......(.#.....###.#######


You could see Duvessa and Dowan.

Vanquished Creatures
  Grinder (D:4)
  Eustachio (D:4)
  An ogre (D:4)
  2 scorpions (D:4)
  4 wights (D:3)
  A howler monkey (D:4)
  An orc priest (D:5)
  An orc wizard (D:5)
  2 worker ants
  Terence (D:2)
  4 gnolls (D:4)
  9 adders
  An ooze (D:5)
  A worm (D:4)
  3 dart slugs
  A leopard gecko (D:3)
  6 orcs
  8 bats
  4 giant cockroaches
  4 hobgoblins
  8 jackals
  3 quokkas
  2 ball pythons
  6 frilled lizards
  10 goblins
  9 kobolds
  6 rats
100 creatures vanquished.

Notes
Turn   | Place    | Note
-------+----------+-------------------------------------------
     0 | D:1      | MTVSty1e the Minotaur Monk began the quest for the Orb.
     0 | D:1      | Reached XP level 1. HP: 19/19 MP: 0/0
    25 | D:1      | Reached skill level 4 in Axes
   148 | D:1      | Reached XP level 2. HP: 21/26 MP: 1/1
   365 | D:1      | Reached skill level 5 in Axes
   540 | D:1      | Reached XP level 3. HP: 31/31 MP: 2/2
   947 | D:2      | Noticed Terence
   961 | D:2      | Killed Terence
   961 | D:2      | Reached skill level 6 in Axes
   961 | D:2      | Reached XP level 4. HP: 19/39 MP: 3/3
  1953 | D:3      | Reached skill level 7 in Axes
  1953 | D:3      | Reached XP level 5. HP: 29/45 MP: 4/4
  2241 | D:3      | Reached skill level 8 in Axes
  2241 | D:3      | Reached XP level 6. HP: 19/51 MP: 5/5
  2589 | D:3      | Found a blossoming altar of Fedhas.
  2697 | D:4      | Found a staircase to the Ecumenical Temple.
  2703 | Temple   | Entered the Ecumenical Temple
  2732 | Temple   | Became a worshipper of Warmaster Okawaru
  2732 | Temple   | Reached * piety under Okawaru
  2732 | Temple   | Reached ** piety under Okawaru
  2765 | D:4      | Noticed Eustachio
  2785 | D:4      | Killed Eustachio
  2785 | D:4      | Reached skill level 9 in Axes
  2989 | D:4      | Reached XP level 7. HP: 12/57 MP: 6/6
  3272 | D:4      | Reached skill level 10 in Axes
  3512 | D:4      | Found a blossoming altar of Fedhas.
  3519 | D:4      | Reached skill level 1 in Armour
  3722 | D:4      | Noticed Grinder
  3741 | D:4      | Killed Grinder
  4049 | D:5      | Entered Level 5 of the Dungeon
  4050 | D:5      | Noticed Duvessa
  4053 | D:5      | Reached XP level 8. HP: 58/67 MP: 7/7
  4054 | D:5      | Noticed Dowan
  4060 | D:5      | Reached *** piety under Okawaru
  4070 | D:4      | HP: 2/67 [Duvessa/rapier (4)]
  4072 | D:4      | Slain by Duvessa

Skill      XL: |  1  2  3  4  5  6  7 |
---------------+----------------------+-----
Axes           | 4 5 6 7 8 9 10 | 10.8
Armour         | 2 |  2.9
Fighting       | 4 |  4.8
Dodging        | |  3.2
Stealth        | |  1.5

Action                   |  1- 3 |  4- 6 |  7- 9 || total
-------------------------+-------+-------+-------++-------
Melee: Hand axe          |    70 |   138 |    89 ||   297
       Headbutt          |     9 |    25 |    22 ||    56
  Use: Potion            |       |     2 |     4 ||     6
       Scroll            |       |     2 |       ||     2
 Stab: Sleeping          |     3 |       |       ||     3
  Eat: Ration            |       |     2 |       ||     2
       Chunk             |       |     1 |     5 ||     6
Armor: Robe              |    11 |       |       ||    11
       Chain mail        |       |    49 |    34 ||    83
Dodge: Dodged            |    55 |    36 |    36 ||   127
